 Dungeon Crawl Stone Soup version 0.30.1-9-gdf580d7c3d (webtiles) character file.

Game seed: 12251124305871270796

142274 boopmooplesden the Hoplite (level 16, -7/149 HPs)
             Began as a Minotaur Fighter on Sept 24, 2023.
             Was a High Priest of Trog.
             Shot with an arrow by a naga sharpshooter (18 damage)
             ... on level 4 of the Snake Pit.
             The game lasted 00:49:29 (27920 turns).

boopmooplesden the Hoplite (Minotaur Fighter)      Turns: 27920, Time: 00:49:30

Health: -7/149     AC: 52    Str: 25    XL:     16   Next: 80%
Magic:  23/24      EV:  4    Int:  8    God:    Trog [*****.]
Gold:   1250       SH: 16    Dex: 16    Spells: 15/15 levels left

rFire   . . .        W - +7 spear of Conformity {flame, rPois rF+ rCorr Dex+3}
rCold   + . .        v - +0 kite shield of the Hunter {rC+ rN+ Str-4}
rNeg    + + +        D - +8 orange crystal plate armour {Archmagi, Int+3 Clar}
rPois   .            (helmet restricted)
rElec   .            Z - +2 cloak
rCorr   +            x - +2 pair of gloves
SInv    +            h - +2 pair of boots of the Eagle {rN++ MP+9 Str+5}
Will    +++..        (no amulet) Stlth
                     n - ring of Nuintaa {+Blink AC+4}
HPRegen 1.44/turn    p - ring of poison resistance
MPRegen 0.19/turn

%: clarity, archmagi
@: lethally poisoned (-7 -> -10), weakened, strong-willed, poison vulnerable, on
berserk cooldown, regenerating, slowed, constricted, very slow
A: horns 2, retaliatory headbutt, iridescent scales 1, see invisible, weak 1,
heat vulnerability 1
a: Renounce Religion, Evoke Blink, Berserk, Trog's Hand, Brothers in Arms


You were on level 4 of the Snake Pit.
You worshipped Trog.
Trog was extremely pleased with you.
You visited 4 branches of the dungeon, and saw 24 of its levels.
You visited the Abyss 1 time.
You also visited: Ice Cave.

You collected 2745 gold pieces.
You spent 1495 gold pieces at shops.

Inventory:

Hand Weapons
 a - a +0 trident
 g - a +2 antimagic trident
 A - the +1 falchion of Niahiawn {venom, +Blink Will- Dex+5}
   (You found it on level 6 of the Dungeon)

   Dex:       It affects your dexterity (+5).
   +Blink:    It lets you blink.
   Will:      It decreases your willpower.
 E - a +4 heavy trident
 W - the +7 spear of Conformity (weapon) {flame, rPois rF+ rCorr Dex+3}
   (You bought it in a shop on level 2 of the Orcish Mines)

   Dex:       It affects your dexterity (+3).
   rF:        It protects you from fire.
   rPois:     It protects you from poison.
   rCorr:     It protects you from acid and corrosion.
Missiles
 J - 5 throwing nets (quivered)
Armour
 h - the +2 pair of boots of the Eagle (worn) {rN++ MP+9 Str+5}
   (You bought it in a shop on level 2 of the Orcish Mines)

   Str:       It affects your strength (+5).
   rN:        It greatly protects you from negative energy.
   MP:        It affects your magic capacity (+9).
 v - the +0 kite shield of the Hunter (worn) {rC+ rN+ Str-4}
   (You found it on level 4 of the Dungeon)

   Str:       It affects your strength (-4).
   rC:        It protects you from cold.
   rN:        It protects you from negative energy.
 x - a +2 pair of gloves (worn)
 C - a +1 pair of boots of rampaging
 D - the +8 orange crystal plate armour (worn) {Archmagi, Int+3 Clar}
   (You acquired it on level 7 of the Dungeon)

   Int:       It affects your intelligence (+3).
   Clar:      It protects you from confusion, rage, mesmerisation and fear.
 I - a +2 pair of boots of stealth
 Y - a +0 kite shield of reflection
 Z - a +2 cloak (worn)
Jewellery
 n - the ring of Nuintaa (left hand) {+Blink AC+4}
   (You found it on level 3 of the Dungeon)

   [ring of protection]

   AC:        It affects your AC (+4).
   +Blink:    It lets you blink.
 p - a ring of poison resistance (right hand)
 q - a +5 ring of evasion
 w - a ring of magical power
 S - a ring of protection from cold
 T - an amulet of magic regeneration
 U - an amulet of the acrobat
Wands
 d - a wand of digging (5)
 o - a wand of paralysis (19)
 s - a wand of iceblast (6)
 B - a wand of flame (18)
 N - a wand of polymorph (9)
 Q - a wand of acid (7)
 V - a wand of mindburst (15)
Scrolls
 e - 13 scrolls of teleportation
 r - 5 scrolls of poison
 y - a scroll of silence
 G - 3 scrolls of blinking
 K - a scroll of vulnerability
 L - 5 scrolls of identify
 M - 2 scrolls of amnesia
 O - a scroll of magic mapping
 R - a scroll of fog
 X - a scroll of enchant weapon
Potions
 b - 2 potions of magic
 f - 5 potions of berserk rage
 i - 6 potions of curing
 j - 3 potions of flight
 k - 4 potions of heal wounds
 l - 4 potions of attraction
 m - 2 potions of haste
 t - 5 potions of degeneration
 u - 4 potions of lignification
 z - 2 potions of might
 F - 2 potions of ambrosia
 H - a potion of cancellation
 P - 3 potions of resistance {unknown}


   Skills:
 + Level 15.6 Fighting
 + Level 17.6 Polearms
 + Level 19.9 Armour
 + Level 2.6 Dodging
 + Level 3.0 Stealth
 + Level 21.9 Shields
 + Level 1.9 Evocations


You had 15 spell levels left.
You didn't know any spells.
Your spell library contained the following spells:

 Spells                   Type           Power      Damage    Failure   Level
 Freeze                   Ice            0%         1d3       100%        1
 Ensorcelled Hibernation  Hex/Ice        0%         N/A       100%        2
 Sublimation of Blood     Necr           0%         N/A       100%        2
 Wereblood                Tmut           0%         N/A       100%        2
 Summon Forest            Summ/Tloc      0%         N/A       100%        5
 Malign Gateway           Summ/Tloc      0%         N/A       100%        7
 Summon Hydra             Summ           0%         N/A       100%        7


Dungeon Overview and Level Annotations

Branches:
Dungeon (13/15)            Temple (0/1) D:7            Lair (5/5) D:9
  Swamp (0/4) Lair:2        Snake (4/4) Lair:3        Slime (0/5) Lair:4
    Orc (2/2) D:12            Elf (0/3) Orc:2         IceCv (visited)
 Vaults: D:13-14

Altars:
Ashenzari
Dithmenos
Gozag
Ru
Trog
Uskayaw
Vehumet
Wu Jian
Yredelemnul
Zin

Shops:
D:7 [!!=   D:10 **   Orc:1 *   Orc:2 ([*:   Snake:1 [   Snake:2 ****


Innate Abilities, Weirdness & Mutations

You have a pair of horns on your head.
You reflexively headbutt those who attack you in melee.
You are partially covered in iridescent scales. (AC +2)
You have supernaturally acute eyesight. (SInv)
You are weak. (Str -2)
You are vulnerable to heat. (rF-)


Message History

The salamander tyrant is lightly wounded.
You block the salamander tyrant's attack.
A naga mage comes into view. It is wielding a +0 club.
You block the nagaraja's attack.
Your iron troll bites the salamander tyrant!!!
Your iron troll claws the salamander tyrant!!
The salamander tyrant dies!
Trog accepts your kill.
Trog appreciates your killing of a magic user.
The naga mage shouts!
You hear a shout!
You block the nagaraja's attack. The nagaraja grabs you.
The nagaraja constricts you.
The naga sharpshooter unwields a +0 mace.
The naga sharpshooter wields a +0 shortbow.
The naga sharpshooter gestures wildly while chanting.
The naga sharpshooter magically shoots an arrow.
The arrow hits you!
* * * LOW HITPOINT WARNING * * *
The nagaraja points at you and mumbles some strange words.
You resist with almost no effort. The nagaraja constricts you.
The naga ritualist mumbles some strange prayers to its god.
The naga ritualist begins to radiate toxic energy.
* * * LOW HITPOINT WARNING * * *
You are poisoned.
Things that are here:
a +0 robe; a +0 halberd; a salamander corpse The nagaraja's grasp on you weakens, but your attempt to escape fails.
You feel sick.
You are no longer poisoned.
* * * LOW HITPOINT WARNING * * *
You are poisoned.
The nagaraja spits poison at you.
The splash of poison hits you but does no damage.
You are more poisoned.
The nagaraja constricts you.
* * * LOW HITPOINT WARNING * * *
The naga sharpshooter casts a spell.
The naga sharpshooter magically shoots an arrow.
The arrow hits you!!
You die...

.≈...#)#8## #..##
....##.#### #...#
...##...#.### #...##
$≈##...##...#### ##....#
###^..##.......### #.....#
##.............## ##.....#
#............<..###......#
#.##...........##........#
...
##........T@#S.......##
....
..#.......##NNN.....## ...
##.......###NN)......# ...
#####....#.........## ..
#####...N......#
#####.N....#####
#...)#####....
##..)).....# #...)......#


You could see a nagaraja (fast, catching breath, ally target), a naga
sharpshooter, a salamander mystic, a naga ritualist (fast, toxic aura), a naga
mage, a naga and a friendly iron troll (summoned, berserk).

Vanquished Creatures
  Rupert (D:13)
  A nagaraja (Snake:4)
  The ghost of Zonian the Fighter, a journeyman AtFi of Makhleb (D:12)
  A quicksilver ooze (Lair:5)
  An orc warlord (Orc:2)
  Snorg (D:13)
  An ettin (Orc:1)
  A fire dragon (Lair:5)
  Harold (D:11)
  A salamander tyrant (Snake:3)
  5 hydras
  8 anacondas
  4 centaur warriors
  Erica (Orc:1)
  14 naga warriors
  4 two-headed ogres
  A boulder beetle (D:13)
  2 death yaks (Lair:5)
  7 shock serpents
  A tengu warrior (D:13)
  4 orc high priests (Orc:2)
  5 naga sharpshooters
  Nergalle (Lair:2)
  Sonja (Orc:1)
  2 skysharks
  2 sea snakes
  Amaemon (Lair:2)
  2 salamander mystics (Snake:3)
  5 naga ritualists
  Pikel (D:5)
  2 bog bodies
  2 lindwurms
  An ugly thing (D:11)
  3 orc knights (Orc:2)
  A necromancer (IceCv)
  8 mana vipers
  A manticore (D:10)
  6 orc sorcerers
  16 salamanders
  7 cyclopes
  2 centaur zombies (D:11)
  18 naga magi
  7 elephants
  2 ice statues (IceCv)
  4 guardian serpents
  40 black mambas
  An orange demon (Lair:2)
  3 gargoyles
  7 cane toads
  3 molten gargoyles (Lair:5)
  A torpor snail (Lair:5)
  An unseen horror (D:12)
  11 rime drakes
  11 komodo dragons
  3 kobold demonologists
  An anaconda simulacrum (IceCv)
  A freezing wraith (IceCv)
  6 ice devils
  7 trolls
  2 hornets (D:8)
  Grinder (D:5)
  10 blink frogs
  2 wraiths
  A shadow (D:12)
  A small abomination (Abyss:1)
  10 slime creatures
  A vampire (D:9)
  3 dire elephant simulacra (IceCv)
  49 yaks
  10 wyverns
  10 basilisks
  8 vampire mosquitoes
  A neqoxec (Abyss:1)
  13 steam dragons
  A large abomination (Abyss:1)
  2 wargs
  29 nagas
  3 harpy simulacra (IceCv)
  3 hell hounds (Lair:5)
  17 water moccasins
  5 acid dragons
  3 hydra simulacra (IceCv)
  Duvessa (D:4)
  4 black bears
  35 orc warriors
  A sky beast (D:7)
  The ghost of hawkwood the Trooper, an amateur DgAr (D:3)
  A black bear (shapeshifter) (D:13)
  7 ogres
  4 centaurs
  32 wolves
  A phantom (D:6)
  3 kobold brigands
  15 bullfrogs
  2 gnoll sergeants
  2 cane toad simulacra (IceCv)
  3 scorpions
  11 wights
  Dowan (D:4)
  3 killer bees (D:10)
  2 elephant simulacra (IceCv)
  3 howler monkeys (D:9)
  4 electric eels (Snake:3)
  8 lava snakes
  9 jellies
  2 hounds (D:5)
  23 orc priests
  2 sleepcaps
  A gnoll bouda (D:9)
  5 iguanas
  25 orc wizards
  6 hell rats (Lair:3)
  A troll simulacrum (IceCv)
  A polar bear simulacrum (IceCv)
  14 gnolls
  13 adders
  A shadow imp (D:7)
  2 white imps
  An ufetubus (IceCv)
  5 dart slugs
  80 orcs
  6 endoplasms
  3 giant cockroaches
  6 goblins
  3 hobgoblins
  17 jackals
  3 quokkas
  9 ball pythons
  2 bats
  A frilled lizard (D:2)
  14 kobolds
  6 rats
847 creatures vanquished.

Vanquished Creatures (collateral kills)
  A salamander tyrant (Snake:4)
1 creature vanquished.

Vanquished Creatures (others)
  A naga sharpshooter (Snake:4)
  An unseen horror (D:11)
  A komodo dragon (Lair:5)
  An orc priest (Orc:1)
  2 orc wizards
  3 orcs (Orc:1)
9 creatures vanquished.

Grand Total: 857 creatures vanquished

Notes
Turn   | Place    | Note
-------+----------+-------------------------------------------
     0 | D:1      | boopmooplesden the Minotaur Fighter began the quest for the
                  | Orb.
     0 | D:1      | Reached XP level 1. HP: 19/19 MP: 0/0
    40 | D:1      | Got Sibli's Almanac of the Deep Freeze and the Compass
   229 | D:1      | Reached XP level 2. HP: 22/27 MP: 1/1
   237 | D:1      | Reached skill level 4 in Shields
  1000 | D:2      | Reached XP level 3. HP: 33/33 MP: 2/2
  1187 | D:2      | Reached XP level 4. HP: 40/40 MP: 3/3
  1360 | D:2      | Found a faded altar of an unknown god.
  1618 | D:3      | Identified the ring of Nuintaa {+Blink AC+4}
  1830 | D:3      | Reached skill level 5 in Armour
  1834 | D:3      | Reached XP level 5. HP: 36/46 MP: 4/4
  1994 | D:3      | Found an opulent altar of Gozag.
  2124 | D:3      | Found an ornate altar of the Wu Jian Council.
  2124 | D:3      | Found a hide-covered altar of Uskayaw.
  2222 | D:3      | Found a runed translucent door.
  2223 | D:3      | Noticed hawkwood's ghost (amateur DgAr)
  2443 | D:3      | Killed hawkwood's ghost
  2523 | D:4      | Reached skill level 5 in Shields
  2526 | D:4      | Reached XP level 6. HP: 42/53 MP: 5/5
  2665 | D:4      | Identified the +0 kite shield of the Hunter {rC+ rN+ Str-4}
  2694 | D:4      | Noticed Duvessa
  2694 | D:4      | Noticed Dowan
  2803 | D:4      | Found a bloodstained altar of Trog.
  2811 | D:4      | Reached skill level 5 in Polearms
  2817 | D:4      | Reached skill level 1 in Dodging
  2823 | D:4      | Became a worshipper of Trog the Wrathful
  2912 | D:4      | Found a radiant altar of Vehumet.
  2943 | D:4      | Reached XP level 7. HP: 60/60 MP: 6/6
  3191 | D:4      | Killed Duvessa
  3192 | D:4      | Reached skill level 5 in Fighting
  3220 | D:4      | Killed Dowan
  3423 | D:4      | Identified a scroll of acquirement
  3423 | D:4      | Acquired a manual of Armour
  3478 | D:5      | Entered Level 5 of the Dungeon
  3479 | D:5      | Noticed Grinder
  3489 | D:5      | Paralysed by Grinder for 3 turns
  3494 | D:5      | Paralysed by Grinder for 5 turns
  3509 | D:5      | Paralysed by Grinder for 4 turns
  3515 | D:5      | Killed Grinder
  3516 | D:5      | Reached skill level 1 in Stealth
  3600 | D:5      | Noticed Pikel
  3655 | D:5      | Killed Pikel
  3656 | D:5      | Reached skill level 6 in Shields
  3656 | D:5      | Reached XP level 8. HP: 50/69 MP: 7/7
  3804 | D:5      | Reached * piety under Trog
  3842 | D:5      | Found a shadowy altar of Dithmenos.
  4337 | D:6      | Reached skill level 7 in Shields
  4655 | D:6      | Identified the +1 falchion of Niahiawn {venom, +Blink Will-
                  | Dex+5}
  4788 | D:6      | Found a sacrificial altar of Ru.
  4997 | D:6      | Found a broken altar of Ashenzari.
  5157 | D:7      | Reached XP level 9. HP: 75/75 MP: 8/8
  5340 | D:7      | Found Duejeppe's Distillery.
  5342 | D:7      | Found Hediacre's Antique Armour Shop.
  5346 | D:7      | Found Dogogai's Distillery.
  5350 | D:7      | Found Heihah's Jewellery Shop.
  5353 | D:7      | Bought a pair of embroidered boots for 172 gold pieces
  5679 | D:7      | Found a glowing silver altar of Zin.
  5747 | D:7      | Found a staircase to the Ecumenical Temple.
  5917 | D:7      | Acquired the +8 orange crystal plate armour {Archmagi,
                  | Int+3 Clar}
  5917 | D:7      | Found the +8 orange crystal plate armour {Archmagi, Int+3
                  | Clar}
  6118 | D:8      | Paralysed by a hornet for 1 turns
  6158 | D:8      | Reached skill level 10 in Polearms
  6165 | D:8      | Reached ** piety under Trog
  6257 | D:8      | Reached skill level 10 in Armour
  6308 | D:8      | Reached skill level 8 in Shields
  6379 | D:8      | Reached XP level 10. HP: 73/86 MP: 9/9
  6582 | D:8      | Reached skill level 9 in Shields
  6649 | D:8      | Found a transporter.
  6851 | D:8      | Found a transporter.
  6990 | D:9      | Reached *** piety under Trog
  7012 | D:9      | Reached skill level 10 in Shields
  7106 | D:9      | Found a staircase to the Lair.
  7387 | D:9      | Reached XP level 11. HP: 40/95 MP: 10/10
  8196 | D:10     | Entered Level 10 of the Dungeon
  8210 | D:10     | Reached skill level 11 in Shields
  8447 | D:10     | Found Noeneliv's Specific Store.
  8449 | D:10     | Found Dunta's General Store.
  8472 | D:10     | Noticed a two-headed ogre
  8483 | D:10     | Killed a two-headed ogre
  8496 | D:10     | Reached skill level 1 in Evocations
  9109 | D:11     | Noticed a centaur warrior
  9113 | D:11     | Noticed Harold
  9138 | D:11     | Killed Harold
  9142 | D:11     | Killed a centaur warrior
  9283 | D:11     | Reached skill level 12 in Shields
  9383 | D:11     | Noticed a red ugly thing
  9406 | D:11     | Killed a red ugly thing
  9817 | D:11     | Found a basalt altar of Yredelemnul.
  9921 | D:12     | Reached **** piety under Trog
  9922 | D:12     | Reached XP level 12. HP: 98/105 MP: 11/11
  9960 | D:12     | Noticed a two-headed ogre
  9969 | D:12     | Killed a two-headed ogre
 10040 | D:12     | Reached skill level 13 in Shields
 10040 | D:12     | Found a staircase to the Orcish Mines.
 10255 | D:12     | Found a large runed translucent door.
 10255 | D:12     | Found a large runed translucent door.
 10268 | D:12     | Reached skill level 10 in Fighting
 10268 | D:12     | Noticed Zonian's ghost (journeyman AtFi)
 10279 | D:12     | Reached skill level 15 in Armour
 10298 | D:12     | Killed Zonian's ghost
 10589 | D:13     | Noticed a six-headed hydra
 10594 | D:13     | Noticed a two-headed ogre
 10601 | D:13     | Killed a six-headed hydra
 10606 | D:13     | Killed a two-headed ogre
 10729 | D:13     | Noticed Snorg
 10730 | D:13     | Noticed a centaur warrior
 10742 | D:13     | Killed Snorg
 10744 | D:13     | Noticed Rupert
 10758 | D:13     | Reached skill level 14 in Shields
 10766 | D:13     | Paralysed by Rupert for 5 turns
 10772 | D:13     | HP: 4/108 [Rupert/+0 heavy great sword (7)]
 11012 | D:13     | Killed Rupert
 11097 | D:13     | Noticed a boulder beetle
 11098 | D:13     | Noticed a centaur warrior
 11102 | D:13     | Noticed a centaur warrior
 11118 | D:13     | Killed a centaur warrior
 11124 | D:13     | Killed a centaur warrior
 11171 | D:13     | Killed a boulder beetle
 11172 | D:13     | Reached XP level 13. HP: 37/116 MP: 12/12
 11686 | Lair:1   | Entered Level 1 of the Lair of Beasts
 12024 | Lair:1   | Reached skill level 15 in Shields
 12236 | Lair:1   | Reached ***** piety under Trog
 12484 | Lair:2   | Noticed Amaemon
 12503 | Lair:2   | Reached skill level 15 in Polearms
 12519 | Lair:2   | Killed Amaemon
 12744 | Lair:2   | Found a staircase to the Swamp.
 13052 | Lair:2   | Noticed Nergalle
 13081 | Lair:2   | Killed Nergalle
 13082 | Lair:2   | Reached skill level 16 in Shields
 13759 | Lair:3   | Found a frozen archway.
 13776 | IceCv    | Entered an ice cave
 14028 | IceCv    | Reached XP level 14. HP: 118/127 MP: 13/13
 14175 | IceCv    | Reached ****** piety under Trog
 14790 | Lair:3   | Reached skill level 17 in Shields
 14804 | Lair:3   | Received a gift from Trog
 15005 | Lair:3   | Found a staircase to the Snake Pit.
 15489 | Lair:4   | Found a staircase to the Slime Pits.
 16431 | Lair:5   | Entered Level 5 of the Lair of Beasts
 16772 | Lair:5   | Noticed a quicksilver ooze
 16784 | Lair:5   | Killed a quicksilver ooze
 17520 | Lair:5   | Received a gift from Trog
 17580 | Lair:5   | Reached skill level 18 in Shields
 18141 | Lair:5   | Found a large runed translucent door.
 18141 | Lair:5   | Found a large runed translucent door.
 18871 | Orc:1    | Entered Level 1 of the Orcish Mines
 18871 | Orc:1    | Found Firadaju's General Store.
 18876 | Orc:1    | Noticed Sonja
 18881 | Orc:1    | Killed Sonja
 19004 | Orc:1    | Reached XP level 15. HP: 98/136 MP: 14/14
 19081 | Orc:1    | Paralysed by an orc sorcerer for 5 turns
 19085 | Orc:1    | Noticed Erica
 19090 | Orc:1    | Paralysed by an orc sorcerer for 5 turns
 19112 | Orc:1    | Killed Erica
 19600 | Orc:2    | Entered Level 2 of the Orcish Mines
 19611 | Orc:2    | Received a gift from Trog
 20251 | Orc:2    | Paralysed by an orc sorcerer for 2 turns
 20539 | Orc:2    | Found a staircase to the Elven Halls.
 20574 | Orc:2    | Reached skill level 19 in Shields
 20678 | Orc:2    | Received a gift from Trog
 21088 | Orc:2    | Found Imeajum's General Store.
 21089 | Orc:2    | Found Jaifaex's Book Boutique.
 21091 | Orc:2    | Found Gysumulya's Antique Armour Shop.
 21091 | Orc:2    | Found Hoicaicu's Antique Weapon Shop.
 21096 | Orc:2    | Bought the +2 pair of boots of the Eagle {rN++ MP+9 Str+5}
                  | for 675 gold pieces
 21108 | Orc:2    | Bought a crude spear for 296 gold pieces
 21108 | Orc:2    | Identified the +7 spear of Conformity {flame, rPois rF+
                  | rCorr Dex+3} (You bought it in a shop on level 2 of the
                  | Orcish Mines)
 21119 | Orc:2    | Paralysed by an orc sorcerer for 5 turns
 21515 | Snake:1  | Entered Level 1 of the Snake Pit
 21529 | Snake:1  | Found Gupaihae's Antique Armour Emporium.
 22136 | Snake:1  | You fall into a shaft and drop 1 floor!
 22151 | Snake:2  | Received a gift from Trog
 22594 | Snake:1  | Reached skill level 20 in Shields
 23205 | Snake:2  | Found Iha Mipsann's Assorted Antiques.
 23208 | Snake:2  | Found Ischalleu's General Store.
 23210 | Snake:2  | Found Nofosiq's Assorted Antiques.
 23265 | Snake:2  | Bought a shiny kite shield for 135 gold pieces
 23333 | Snake:1  | Bought a glowing cloak for 217 gold pieces
 23542 | Snake:2  | Found Kuih's General Store.
 24453 | Snake:2  | Reached XP level 16. HP: 138/147 MP: 15/15
 25313 | Snake:3  | Reached skill level 21 in Shields
 25349 | Snake:3  | Reached skill level 15 in Fighting
 25719 | Snake:3  | Received a gift from Trog
 26151 | Snake:3  | Identified the +0 robe of Dithmenos's Reproof {*Corrode
                  | Will+ Regen+ MP+9}
 27080 | Snake:4  | Entered Level 4 of the Snake Pit
 27109 | Abyss:1  | Cast into level 1 of the Abyss (salamander)
 27127 | Abyss:1  | Gained mutation: You are occasionally teleported next to
                  | monsters. [a neqoxec]
 27166 | Abyss:1  | Found a hazy altar of Hepliaklqana.
 27175 | Abyss:1  | Found a hazy altar of Hepliaklqana.
 27175 | Abyss:1  | Found a hazy altar of Hepliaklqana.
 27178 | Snake:4  | Escaped the Abyss
 27705 | Snake:4  | Lost mutation: You are occasionally teleported next to
                  | monsters. [potion of mutation]
 27705 | Snake:4  | Gained mutation: You are weak. (Str -2) [potion of
                  | mutation]
 27705 | Snake:4  | Gained mutation: Your body sometimes deteriorates upon
                  | taking damage. [potion of mutation]
 27705 | Snake:4  | Gained mutation: You are clumsy. (Dex -2) [potion of
                  | mutation]
 27705 | Snake:4  | Gained mutation: You are partially covered in iridescent
                  | scales. (AC +2) [potion of mutation]
 27712 | Snake:4  | Lost mutation: You are clumsy. (Dex -2) [potion of
                  | mutation]
 27712 | Snake:4  | Lost mutation: Your body sometimes deteriorates upon taking
                  | damage. [potion of mutation]
 27712 | Snake:4  | Gained mutation: You are vulnerable to heat. (rF-) [potion
                  | of mutation]
 27712 | Snake:4  | Gained mutation: You have supernaturally acute eyesight.
                  | (SInv) [potion of mutation]
 27911 | Snake:4  | HP: 7/149 [poisoned by a naga ritualist (toxic radiance)]
 27911 | Snake:4  | HP: 2/149 [naga ritualist/Olgreb's Toxic Radiance (2)]
 27920 | Snake:4  | Shot with an arrow by a naga sharpshooter

Illustrated notes

Levels and vault maps discovered:
D:1:      evilmike_arrival_rings, layout_basic
D:2:      layout_loops_ring, nicolae_ecumenical_pavilion, moated_statue
D:3:      layout_loops_ring, mainiacjoe_overflow_24_doors,
          gammafunk_temple_overflow_statue, gammafunk_ghost_grave,
          hangedman_decor_growths, kennysheep_big_empty_room
D:4:      layout_basic, mainiacjoe_overflow_cross_hatched, trog_ov_bears_minmay,
          uniq_duvessa
D:5:      layout_rooms, mainiacjoe_overflow_six_doors_small, uniq_pikel,
          uniq_grinder
D:6:      layout_basic, nicolae_ru_path_of_blood, nicolae_overflow_hidden_temple
D:7:      layout_basic, mainiacjoe_overflow_alcove_2,
          minmay_temple_entry_purple_smoke, minmay_shop_grid_forest,
          chequers_serial_rivers_micro_e
D:8:      gammafunk_beogh_shrine, layout_basic, chequers_garden
D:9:      layout_loops_ring, minmay_lair_entry_grove
D:10:     layout_stronghold, nicolae_specific_store
D:11:     layout_cave_pools, lemuel_zombie_altar_yredelemnul, uniq_harold
D:12:     layout_rooms, ebering_ghost_disaster_area
D:13:     layout_gridville, lightli_vaults_fourway_checkpoint, uniq_snorg,
          uniq_maurice, uniq_rupert
Lair:1:   layout_misc_corridors
Lair:2:   layout_misc_corridors, skrybe_swamp_entry_bodies, uniq_amaemon,
          uniq_nergalle
Lair:3:   layout_regular_city, nicolae_snake_entry_warm_welcome,
          portal_ice_cave_demonic_guard, bobbens_dragon_lair_wall
Lair:4:   layout_long_grid, minmay_slime_entry_pillars
Lair:5:   cheibrodos_lair_end_hotspot, layout_cave_pods,
          nicolae_lair_time_for_slime
Snake:1:  layout_onion, serial_shops, nicolae_square_shop, grunt_megastairs_1
Snake:2:  layout_onion, serial_shops, nicolae_shop_advertising_works
          [nicolae_subvault_shop_adworks], nicolae_wooded_promenade,
          nicolae_snake_squiggles
Snake:3:  layout_gridlike, nicolae_snake_bzzzt, nicolae_triple_integral,
          serial_bayou_shore_b
Snake:4:  snake_pit, layout_cave_pods, basic_altar, nicolae_snake_omega
Orc:1:    layout_caves, serial_shops, shop, uniq_sonja, uniq_erica
Orc:2:    st_orc_congregation, layout_diamond_mine, special_room

Skill      XL: |  1  2  3  4  5  6  7  8  9 10 11 12 13 14 15 16 |
---------------+-------------------------------------------------+-----
Armour         | 4 5 7 8 11 12 14 15 17 18 19 | 19.9
Shields        | 4 5 6 7 8 10 12 14 16 18 20 21 | 21.9
Fighting       | 4 5 6 7 8 9 11 12 13 14 15 | 15.6
Polearms       | 3 4 5 8 9 10 12 13 14 15 16 17 | 17.6
Dodging        | 1 2 |  2.6
Stealth        | 1 2 3 |  3.0
Evocations     | 1 |  1.9

Action                     |  1- 3 |  4- 6 |  7- 9 | 10-12 | 13-15 | 16-18 || total
---------------------------+-------+-------+-------+-------+-------+-------++-------
  Melee: Trident           |    62 |   124 |   322 |   596 |  1277 |       ||  2381
         Headbutt          |     8 |    18 |    60 |   113 |   383 |   155 ||   737
         Spear             |       |       |       |       |   381 |   552 ||   933
 Invoke: Berserk           |       |       |     2 |     8 |    15 |     8 ||    33
         Trog's Hand       |       |       |       |     2 |     3 |     2 ||     7
         Brothers in Arms  |       |       |       |       |       |     1 ||     1
Ability: Evoke Blink       |       |       |       |     3 |     1 |       ||     4
  Evoke: Wand              |       |       |     2 |     3 |       |       ||     5
    Use: Potion            |       |     2 |     1 |     6 |     1 |     4 ||    14
         Scroll            |       |     1 |    15 |    10 |     7 |     2 ||    35
   Stab: Paralysed         |       |       |     4 |       |       |       ||     4
 Armour: Scale mail        |    13 |       |       |       |       |       ||    13
         Chain mail        |    31 |    88 |    85 |       |       |       ||   204
         Crystal plate arm |       |       |   155 |   652 |  1740 |   285 ||  2832
  Dodge: Dodged            |    44 |    50 |    70 |   103 |   425 |    98 ||   790
  Block: Buckler           |    20 |    15 |       |       |       |       ||    35
         Kite shield       |       |    17 |   154 |   442 |  1409 |   339 ||  2361
